 Dungeon Crawl Stone Soup version 0.21-a0-170-g0398fc9 (webtiles) character file.

21879 Charmandara the Grappler (level 12, 0/105 HPs)
             Began as a Purple Draconian Transmuter on Aug 6, 2017.
             Was a Follower of Uskayaw.
             Shot with a bolt by an orc (13 damage)
             ... on level 2 of the Orcish Mines.
             The game lasted 00:50:47 (17566 turns).

Charmandara the Grappler (DrTm)                    Turns: 17566, Time: 00:50:48

Health: 0/105      AC: 12    Str: 14    XL:     12   Next: 58%
Magic:  24/24      EV: 17    Int: 18    God:    Uskayaw [*.....]
Gold:   1638       SH:  0    Dex: 15    Spells: 8/27 levels left

rFire    . . .     SeeInvis +     - Unarmed
rCold    . . .     Gourm    .   (no shield)
rNeg     . . .     Faith    .   (armour unavailable)
rPois    .         Spirit   .   (helmet restricted)
rElec    .         Reflect  .   H - scarf {cloud immunity}
rCorr    .         Harm     .   B - +2 pair of gloves
MR       +....                  j - +0 pair of boots
Stlth    +.........             (no amulet)
HPRegen  0.27/turn              D - +4 ring of dexterity
MPRegen  0.19/turn              y - ring of see invisible {sInv, !d}

@: no status effects
A: breathe power, unfitting armour, cold-blooded, AC +8
a: Breathe Dispelling Energy, Stomp, Renounce Religion


You were on level 2 of the Orcish Mines.
You worshipped Uskayaw.
Uskayaw was aware of your devotion.
You were not hungry.

You visited 2 branches of the dungeon, and saw 13 of its levels.
You also visited: Sewer.

You collected 1638 gold pieces.

Inventory:

Hand Weapons
 a - a +2 war axe of flaming
   (You took it off an orc priest on level 5 of the Dungeon)
 I - the +9 whip "Doist" {antimagic, *Rage Str+5 Int+3}
   (You found it on level 8 of the Dungeon)

   It reduces the magical energy of the wielder, and disrupts the spells and
   magical abilities of those hit.
   Natural abilities and divine invocations are not affected.
   It affects your strength (+5).
   It affects your intelligence (+3).
   It may make you go berserk in combat.
 J - the +7 hand axe of Nalyodeb {venom, +Rage Stlth+}
   (You found it on level 9 of the Dungeon)

   It poisons the flesh of those it strikes.
   It lets you go berserk.
   It makes you more stealthy.
 L - the +2 long sword "Xedun" {protect, rN+ MR+}
   (You found it on level 9 of the Dungeon)

   It protects the one who uses it against injury (+AC on strike).
   It protects you from negative energy.
   It affects your resistance to hostile enchantments.
 T - a +2 short sword of venom
   (You took it off an orc priest on level 11 of the Dungeon)
 V - a +0 flail of protection
   (You took it off an orc on level 11 of the Dungeon)
Missiles
 l - 17 poisoned needles
 o - 3 throwing nets {=f, !d}
 u - 236 arrows
Armour
 j - a +0 pair of boots (worn)
   (You found it on level 2 of the Dungeon)
 k - a +0 troll leather armour {Purgy}
   (You found it in a sewer)
 B - a +2 pair of gloves (worn)
   (You found it on level 5 of the Dungeon)
 H - a scarf of cloud immunity (worn)
   (You found it on level 8 of the Dungeon)
Jewellery
 q - an uncursed ring of poison resistance {rPois, !d}
   (You found it on level 3 of the Dungeon)
 v - an uncursed ring of positive energy {rN+}
   (You found it on level 4 of the Dungeon)
 y - a ring of see invisible (right hand) {sInv, !d}
   (You found it on level 4 of the Dungeon)
 D - a +4 ring of dexterity (left hand)
   (You found it on level 5 of the Dungeon)
 F - an uncursed ring of protection from fire {rF+, !d}
   (You found it on level 6 of the Dungeon)
 U - an uncursed ring of resist corrosion {unknown}
   (You found it on level 11 of the Dungeon)
Wands
 A - a wand of enslavement (1/24)
   (You found it on level 5 of the Dungeon)
 E - a wand of random effects (34/48)
   (You took it off Edmund on level 6 of the Dungeon)
 M - a wand of random effects (0/48)
   (You found it on level 9 of the Dungeon)
Scrolls
 d - 9 scrolls of remove curse
 h - a scroll of immolation {!r}
 m - 2 scrolls of enchant armour
 r - 2 scrolls of recharging
 s - a scroll of magic mapping {!r}
 K - 3 scrolls of amnesia
Potions
 g - 4 potions of curing
 i - a potion of mutation {!q}
 w - 4 potions of flight
 z - a potion of resistance
 N - a potion of cancellation
Books
 b - a book of Changes
 G - a book of Debilitation
   (You found it on level 6 of the Dungeon)
 Q - a book of the Earth
   (You found it on level 10 of the Dungeon)
Miscellaneous
 X - a fan of gales
   (You found it on level 11 of the Dungeon)
Comestibles
 c - 8 bread rations {@e1}
 f - 4 meat rations {@e2}
 n - 6 royal jellies
 p - 2 chunks of flesh {@w0}
 C - 7 fruits


   Skills:
 + Level 9.4 Fighting
 + Level 7.4 Dodging
 - Level 10.3 Unarmed Combat
 - Level 8.2 Spellcasting
 - Level 4.0 Hexes
 - Level 8.1 Transmutations
 - Level 4.0 Ice Magic
 - Level 3.0 Poison Magic
 + Level 9.1 Invocations


You had 8 spell levels left.
You knew the following spells:

 Your Spells              Type           Power        Failure   Level  Hunger
a - Beastly Appendage     Tmut           #####.       1%          1    None
b - Ice Form              Ice/Tmut       ####....     8%          4    ###....
c - Spider Form           Tmut/Pois      ####......   3%          3    #......
d - Cause Fear            Hex            ###.......   19%         4    ###....
s - Sticks to Snakes      Tmut           #####...     1%          2    None
x - Blade Hands           Tmut           #####.....   10%         5    #####..


Dungeon Overview and Level Annotations

Branches:
Dungeon (11/15)            Temple (0/1) D:6            Lair (0/6) D:8
    Orc (2/2) D:9             Elf (0/3) Orc:2

Altars:
Ashenzari
Dithmenos
Gozag
Hepliaklqana
Nemelex Xobeh
Okawaru
Ru
Sif Muna
Trog
Uskayaw
Xom
Yredelemnul
Zin
Beogh

Shops:
D:5 :   Orc:1 (


Innate Abilities, Weirdness & Mutations

You can breathe bolts of dispelling energy.
Your rich purple scales are hard. (AC +8)
You cannot fit into any form of body armour.
You are cold-blooded and may be slowed by cold attacks.


Message History

Items here: ))) [[[ a plate armour; a mace; a leather armour; a hand axe; a robe; a dagger Unknown command.
Unknown command.
Unknown command.
You slash the orc warrior!
You tail-slap the orc warrior, but do no damage.
The orc warrior barely misses you.
The orc warrior hits you with a long sword!
The orc warrior completely misses you.
You take 17 damage, and have 80/105 hp.
You slice the orc warrior!!
You kill the orc warrior!
The orc warrior closely misses you.
You barely miss the orc warrior. The orc warrior closely misses you.
You slice the orc warrior!!
The orc warrior hits you with a long sword!
The orc warrior completely misses you.
You can now pass through a line of other dancers.
You take 9 damage, and have 72/105 hp.
You slice the orc warrior!!
You kill the orc warrior!
The orc warrior hits you with a long sword!
You take 11 damage, and have 61/105 hp.
You are too injured to fight recklessly!
You are too injured to fight recklessly!
You closely miss the orc warrior. You slice the orc warrior!!
The orc warrior hits you with a long sword.
You take 1 damage, and have 61/105 hp.
You slice the orc warrior!!
You kill the orc warrior!
Uskayaw will force your foes to helplessly watch your dance.
Items here: )) [[ † a long sword; a chain mail; a robe; a dagger; an orc corpse You butcher the orc corpse.
p - 4 chunks of flesh {@w0}
Items here: )) [[ ÷ a long sword; a chain mail; a robe; a dagger; an orc skeleton Uskayaw will no longer force your foes to helplessly watch your dance.
Items here: )))))) [[[[ There isn't anything to butcher here.
You are feeling very hungry.
Things that are here:
a plate armour; a trident There isn't anything to butcher here.
There isn't anything to butcher here.
Things that are here:
a long sword; a chain mail There isn't anything to butcher here.
Your transformation is almost over.
There is a stone staircase leading down, spattered with blood here.
Items here: ))) [[[ a plate armour; a mace; a leather armour; a hand axe; a robe; a dagger Unknown command.
You start resting.
Eating one of 4 chunks of flesh {@w0}.
You eat one of the 4 chunks of flesh {@w0}.
You can no longer pass through a line of other dancers.
Your hands revert to their normal proportions.
Your +2 pair of gloves unmelds from your body.
You regained 2 hp, and now have 65/105 hp.
MP restored: 24 You start resting.
Eating one of 3 chunks of flesh {@w0}.
You eat one of the 3 chunks of flesh {@w0}.
Health restored: 105 You climb downwards.
The centaur shoots an arrow.
The arrow hits you.
The orc shoots a bolt.
The bolt hits you.
The orc warrior shoots a bolt.
The bolt hits you!
The orc warrior shoots a bolt.
The bolt hits you!
The orc warrior hits you with a scimitar!
The orc warrior hits you with a halberd!
The orc unwields an uncursed trident.
The orc wields an arbalest.
The orc shoots a bolt.
The bolt completely misses you.
The orc unwields an uncursed mace.
The orc wields an arbalest.
The orc shoots a bolt.
The bolt closely misses you.
The centaur shoots an arrow.
The arrow closely misses you.
The orc shoots a bolt.
The bolt completely misses you.
The orc warrior shoots a bolt.
The bolt hits you!!
* * * LOW HITPOINT WARNING * * *
The orc shoots a bolt.
The bolt misses you.
There is a stone staircase leading up, spattered with blood here.
Things that are here:
5 arrows; 12 bolts Unknown command.
Unknown command.
Unknown command.
You take 80 damage, and have 25/105 hp.
MASSIVE DAMAGE!!
Unknown command.
The orc warrior shouts!
The orc warrior shoots a bolt.
The bolt hits you!
* * * LOW HITPOINT WARNING * * *
The centaur shoots an arrow.
The arrow barely misses you. The orc warrior barely misses you.
The orc warrior hits you with a halberd.
* * * LOW HITPOINT WARNING * * *
The orc shoots a bolt.
The bolt hits you but does no damage.
The orc shoots a bolt.
The bolt misses you.
The orc shoots a bolt.
The bolt hits you!
You die...

..........#..........#
...........oo......(###
......#....oo>.....##.##
.......#..##...........#
..........#......o....##
#..............oo.(..##
.............#..o..(..##
............o...((.....##
............#..o@.......#
................(o#.#...#
...........oo....(.#.#.##
............o..(......##
..............o......##
##....oo#..........###
................oc##
.......o..oO.#.#...#
.....#.......#.c...#


You could see 8 orc warriors, an ogre (wandering), a centaur, an orc priest, an
orc wizard and 7 orcs.

Vanquished Creatures
  An ettin (Orc:1)
  3 two-headed ogres
  An orc high priest (Orc:1)
  The ghost of Alethiolet the Spear-Bearer, a novice GnWn of Yredelemnul (D:7)
  An orange crystal statue (D:10)
  An unseen horror (D:10)
  An orc knight (Orc:1)
  A cyclops (D:10)
  An ice statue (D:10)
  A troll (Orc:2)
  2 hippogriffs
  A vampire (D:11)
  A spriggan (D:7)
  27 yaks
  A basilisk (D:8)
  A steam dragon (D:11)
  Edmund (D:6)
  3 wargs
  A water moccasin (D:10)
  27 orc warriors
  Purgy (Sewer)
  3 porcupines (D:8)
  2 sky beasts
  5 black bears
  2 phantoms
  The ghost of Harvester the Chopper, an amateur MiFi of Okawaru (D:3)
  3 ice beasts
  3 necrophages
  12 ogres
  2 wolves (D:8)
  10 centaurs
  2 crocodiles (D:8)
  8 bullfrogs
  A wyvern skeleton (D:11)
  9 wights
  2 howler monkeys
  5 crimson imps
  5 centaur zombies
  A bullfrog zombie (D:6)
  4 jellies
  2 quasits
  8 orc priests
  4 centaur skeletons
  7 hounds
  A gnoll shaman (D:7)
  An iguana (D:5)
  17 orc wizards
  3 worker ants
  4 hound skeletons
  2 hound zombies
  A howler monkey skeleton (D:7)
  A worker ant zombie (D:6)
  8 gnolls
  8 adders
  A river rat (D:3)
  A shadow imp (D:7)
  An ooze (D:1)
  2 adder zombies
  3 worms
  3 dart slugs
  5 leopard geckos
  68 orcs
  4 ball pythons
  6 giant cockroaches
  2 gnoll zombies (D:5)
  9 goblins
  3 hobgoblins
  5 jackals
  5 kobolds
  4 quokkas
  12 bats
  5 frilled lizards
  A quokka zombie (D:6)
  6 rats
371 creatures vanquished.

Vanquished Creatures (collateral kills)
  A yak (D:10)
  2 ogres
  An orc wizard (D:7)
  An orc priest (Orc:1)
  An adder (D:5)
  A worm (D:5)
  A dart slug (D:2)
  2 orcs (D:7)
  A frilled lizard (D:2)
11 creatures vanquished.

Vanquished Creatures (others)
  A centaur (Orc:2)
  A plant (D:8)
2 creatures vanquished.

Grand Total: 384 creatures vanquished

Notes
Turn   | Place    | Note
-------+----------+-------------------------------------------
     0 | D:1      | Charmandara the Draconian Transmuter began the quest for the Orb.
     0 | D:1      | Reached XP level 1. HP: 16/16 MP: 3/3
   143 | D:1      | Reached XP level 2. HP: 23/23 MP: 3/5
   157 | D:1      | Learned a level 2 spell: Sticks to Snakes
   233 | D:1      | Reached skill level 4 in Unarmed Combat
   662 | D:2      | Reached XP level 3. HP: 24/28 MP: 4/6
   668 | D:2      | Learned a level 3 spell: Spider Form
   751 | D:2      | Found a hide-covered altar of Uskayaw.
   804 | D:2      | Became a worshipper of Uskayaw the Reveler
   812 | D:2      | Found a shimmering altar of Xom.
   814 | D:2      | Found a stormy altar of Qazlal.
   814 | D:2      | Found a hide-covered altar of Uskayaw.
   817 | D:2      | Found a sparkling altar of Nemelex Xobeh.
   817 | D:2      | Found an ornate altar of the Wu Jian Council.
   817 | D:2      | Found a snail-covered altar of Cheibriados.
   824 | D:2      | Reached * piety under Uskayaw
  1297 | D:3      | Reached ** piety under Uskayaw
  1489 | D:3      | Found a glowing drain.
  1507 | D:3      | Reached XP level 4. HP: 33/35 MP: 3/7
  1543 | D:3      | Reached skill level 5 in Unarmed Combat
  1691 | Sewer    | Entered a sewer
  1717 | Sewer    | Noticed Purgy
  1801 | Sewer    | Killed Purgy
  1801 | Sewer    | Reached skill level 6 in Unarmed Combat
  1801 | Sewer    | Reached XP level 5. HP: 30/40 MP: 1/8
  1801 | Sewer    | Reached *** piety under Uskayaw
  2029 | D:3      | Found an iron altar of Okawaru.
  2131 | D:3      | Noticed Harvester's ghost (amateur MiFi)
  2140 | D:3      | Killed Harvester's ghost
  2372 | D:3      | Reached XP level 6. HP: 46/47 MP: 7/9
  2592 | D:4      | Reached skill level 7 in Unarmed Combat
  2825 | D:4      | HP: 6/47 [worker ant (7)]
  2829 | D:4      | Reached skill level 2 in Dodging
  3417 | D:5      | Entered Level 5 of the Dungeon
  3442 | D:5      | Reached skill level 2 in Fighting
  3442 | D:5      | Your scales start taking on a rich purple colour.
  3442 | D:5      | Reached XP level 7. HP: 52/55 MP: 1/10
  3795 | D:5      | Reached skill level 8 in Unarmed Combat
  3840 | D:5      | Found Conn's Book Shoppe.
  3941 | D:5      | Found a basalt altar of Yredelemnul.
  3992 | D:5      | Reached skill level 3 in Fighting
  3994 | D:5      | Reached skill level 3 in Dodging
  3997 | D:5      | Reached **** piety under Uskayaw
  4001 | D:5      | Reached ***** piety under Uskayaw
  4004 | D:5      | Reached XP level 8. HP: 31/64 MP: 8/11
  4377 | D:5      | Reached skill level 4 in Fighting
  4654 | D:6      | Reached skill level 9 in Unarmed Combat
  4654 | D:6      | Reached skill level 1 in Invocations
  4846 | D:6      | Reached skill level 4 in Dodging
  4846 | D:6      | Reached skill level 2 in Invocations
  5076 | D:6      | Noticed Edmund
  5094 | D:6      | Killed Edmund
  5250 | D:6      | Found a sparkling altar of Nemelex Xobeh.
  5502 | D:6      | Found a staircase to the Ecumenical Temple.
  5634 | D:6      | Reached skill level 3 in Invocations
  6522 | D:7      | Reached skill level 10 in Unarmed Combat
  6522 | D:7      | Reached XP level 9. HP: 60/71 MP: 10/12
  6539 | D:7      | HP: 12/71 [hippogriff (7)]
  6709 | D:7      | Reached skill level 4 in Invocations
  7040 | D:7      | Reached skill level 3 in Spellcasting
  7058 | D:7      | Noticed Alethiolet's ghost (novice GnWn)
  7075 | D:7      | Killed Alethiolet's ghost
  7075 | D:7      | Reached skill level 4 in Spellcasting
  7075 | D:7      | Reached skill level 3 in Transmutations
  7131 | D:7      | Learned a level 4 spell: Ice Form
  7137 | D:7      | Learned a level 5 spell: Blade Hands
  7558 | D:7      | Reached skill level 4 in Transmutations
  7782 | D:7      | Reached skill level 5 in Fighting
  7846 | D:7      | Reached skill level 5 in Invocations
  7972 | D:8      | Found a staircase to the Lair.
  7995 | D:8      | Reached skill level 5 in Spellcasting
  7995 | D:8      | Reached XP level 10. HP: 68/81 MP: 14/17
  8036 | D:8      | Reached skill level 5 in Transmutations
  8443 | D:8      | Noticed a two-headed ogre
  8455 | D:8      | Killed a two-headed ogre
  8455 | D:8      | Reached skill level 6 in Spellcasting
  8602 | D:8      | Learned a level 4 spell: Cause Fear
  8919 | D:8      | Got an ancient whip
  8920 | D:8      | Found a glowing silver altar of Zin.
  8935 | D:8      | Identified the +9 whip "Doist" {antimagic, *Rage Str+5 Int+3} (You found it on level 8 of the Dungeon)
  8984 | D:8      | Reached skill level 1 in Hexes
  8984 | D:8      | Reached skill level 1 in Ice Magic
  9016 | D:8      | Noticed a two-headed ogre
  9023 | D:8      | Killed a two-headed ogre
  9023 | D:8      | Reached skill level 2 in Hexes
  9023 | D:8      | Reached skill level 1 in Poison Magic
  9161 | D:8      | Reached skill level 6 in Transmutations
  9161 | D:8      | Reached skill level 2 in Ice Magic
  9340 | D:9      | Got a transparent hand axe
  9341 | D:9      | Identified the +7 hand axe of Nalyodeb {venom, +Rage Stlth+} (You found it on level 9 of the Dungeon)
  9346 | D:9      | Found a shattered altar of Ashenzari.
  9371 | D:9      | Found a shadowy altar of Dithmenos.
  9380 | D:9      | Reached skill level 3 in Hexes
  9490 | D:9      | Found a hazy altar of Hepliaklqana.
  9492 | D:9      | Found a deep blue altar of Sif Muna.
  9496 | D:9      | Found an opulent altar of Gozag.
  9523 | D:9      | Found a sacrificial altar of Ru.
  9533 | D:9      | Reached skill level 2 in Poison Magic
  9582 | D:9      | Found a staircase to the Orcish Mines.
  9773 | D:9      | Reached skill level 7 in Spellcasting
  9776 | D:9      | Reached skill level 4 in Hexes
  9776 | D:9      | Reached XP level 11. HP: 81/89 MP: 14/21
 10110 | D:9      | Got a warped long sword
 10112 | D:9      | Identified the +2 long sword "Xedun" {protect, rN+ MR+} (You found it on level 9 of the Dungeon)
 10160 | D:9      | HP: 19/89 [yak (13)]
 10174 | D:9      | HP: 18/89 [yak (5)]
 10181 | D:9      | HP: 13/89 [yak (6)]
 10194 | D:9      | HP: 5/89 [yak (11)]
 10231 | D:8      | Found a bloodstained altar of Trog.
 10461 | D:9      | Reached skill level 3 in Ice Magic
 10461 | D:9      | Reached skill level 3 in Poison Magic
 10627 | D:10     | Entered Level 10 of the Dungeon
 10812 | D:10     | Reached skill level 4 in Ice Magic
 10944 | D:10     | Reached skill level 6 in Invocations
 10952 | D:10     | Reached skill level 6 in Fighting
 11099 | D:10     | HP: 7/133 [cyclops (30)]
 11100 | D:10     | Reached skill level 7 in Transmutations
 11413 | D:10     | Noticed an orange crystal statue
 11487 | D:10     | Killed an orange crystal statue
 11876 | D:10     | Noticed an unseen horror
 11877 | D:10     | Killed an unseen horror
 11877 | D:10     | Reached skill level 8 in Spellcasting
 12147 | D:10     | Reached skill level 8 in Transmutations
 12792 | D:11     | Reached skill level 5 in Dodging
 12951 | D:11     | Reached skill level 7 in Fighting
 12954 | D:11     | Reached skill level 7 in Invocations
 13486 | D:11     | Noticed a two-headed ogre
 13493 | D:11     | Killed a two-headed ogre
 13655 | D:11     | Reached XP level 12. HP: 88/100 MP: 18/24
 13900 | D:11     | Reached skill level 6 in Dodging
 14198 | Orc:1    | Entered Level 1 of the Orcish Mines
 14212 | Orc:1    | Reached skill level 8 in Fighting
 14221 | Orc:1    | Reached skill level 8 in Invocations
 14670 | Orc:1    | Noticed an ettin
 14688 | Orc:1    | Killed an ettin
 14984 | Orc:1    | Found Nekoboos's Antique Weapon Shoppe.
 15004 | Orc:1    | Noticed an orc high priest
 15028 | Orc:1    | Killed an orc high priest
 15337 | Orc:1    | Found a roughly hewn altar of Beogh.
 15581 | Orc:1    | Reached skill level 9 in Fighting
 15727 | Orc:1    | Reached skill level 7 in Dodging
 15780 | Orc:2    | Entered Level 2 of the Orcish Mines
 15922 | Orc:2    | Found a staircase to the Elven Halls.
 16149 | Orc:2    | Noticed an orc warlord
 16162 | Orc:2    | Reached skill level 9 in Invocations
 16232 | Orc:2    | HP: 15/104 [orc warrior/flail (23)]
 17565 | Orc:2    | HP: 25/105 [orc warrior/bolt (28)]
 17566 | Orc:2    | Shot with a bolt by an orc

Vault maps used:
D:1:      dpeg_arrival_simpleton_b, serial_bayou_pond_b
D:2:      eat_drink_and_be_merry_uskayaw, serial_bayou, serial_bayou_ford_a,
          serial_bayou_pond_c, serial_bayou_lagoon_a, serial_bayou_pond_b,
          doesnt_xom_only_xom
D:3:      marbit_many_paths, first_bread, cheibrodos_sewer_entry_sluice
D:4:      minmay_misc_feat_room
D:5:      cheibrodos_fzero, lemuel_zombie_altar_yredelemnul, serial_shops, shop
D:6:      minmay_temple_entry_nine_rooms, basic_altar, uniq_edmund
D:7:      the_bakery, grunt_ministairs_15
D:8:      lemuel_upstairs_altar, zin_academy, minmay_lair_entry_grove,
          feat_on_display
D:9:      lemuel_doored_altar, nicolae_ru_awakened_eye,
          grunt_temple_overflow_open, nicolae_ashenzari_panopticon
D:10:     minmay_separated_statues, basic_loot_grate_trap
Orc:1:    serial_shops, shop, bh_open_orc_temple
Orc:2:    st_orc_rangers, mines2_lemuel
Sewer:    sewer_big_baddie

Skill      XL: |  1  2  3  4  5  6  7  8  9 10 11 12 |
---------------+-------------------------------------+-----
Unarmed Combat | 4 6 7 8 10 | 10.3
Dodging        | 2 3 4 5 7 |  7.4
Fighting       | 2 3 4 5 7 9 |  9.4
Invocations    | 3 5 7 9 |  9.1
Spellcasting   | 5 7 8 |  8.2
Transmutations | 4 6 8 |  8.1
Hexes          | 4 |  4.0
Ice Magic      | 2 4 |  4.0
Poison Magic   | 2 3 |  3.0

Action                   |  1- 3 |  4- 6 |  7- 9 | 10-12 || total
-------------------------+-------+-------+-------+-------++-------
Melee: Unarmed           |   123 |   125 |   290 |   602 ||  1140
       Tailslap          |    12 |    12 |    29 |    51 ||   104
       Headbutt          |    12 |     9 |    23 |    19 ||    63
       Kick              |     4 |       |       |       ||     4
       Punch             |       |     6 |     6 |    11 ||    23
 Cast: Beastly Appendage |    28 |    20 |    32 |    18 ||    98
       Sticks to Snakes  |     2 |     5 |    15 |    17 ||    39
       Spider Form       |     1 |     1 |    13 |    25 ||    40
       Blade Hands       |       |       |       |    38 ||    38
       Cause Fear        |       |       |       |    14 ||    14
Invok: Line Pass         |       |       |       |     4 ||     4
       Stomp             |       |       |       |     1 ||     1
 Abil: Breathe Dispellin |       |       |     3 |     8 ||    11
       End Transformatio |       |       |       |     2 ||     2
Evoke: Wand              |       |       |     3 |    27 ||    30
       Box of beasts     |       |       |       |     2 ||     2
  Use: Scroll            |     5 |     3 |    12 |    13 ||    33
       Potion            |       |     6 |     4 |    11 ||    21
 Stab: Invisible         |       |       |     2 |       ||     2
       Paralysed         |       |       |    11 |    38 ||    49
       Sleeping          |       |       |     2 |       ||     2
       Distracted        |       |       |       |     2 ||     2
       Confused          |       |       |       |     1 ||     1
  Eat: Chunk             |     3 |     4 |    14 |    36 ||    57
       Royal jelly       |       |     2 |       |       ||     2
       Bread ration      |       |       |     1 |       ||     1
       Meat ration       |       |       |       |     2 ||     2
Armor: Skin              |    37 |    63 |    46 |   107 ||   253
Dodge: Dodged            |    99 |    90 |   221 |   472 ||   882

Vault maps used:
D:1:      dpeg_arrival_simpleton_b, serial_bayou_pond_b
D:2:      eat_drink_and_be_merry_uskayaw, serial_bayou, serial_bayou_ford_a,
          serial_bayou_pond_c, serial_bayou_lagoon_a, serial_bayou_pond_b,
          doesnt_xom_only_xom
D:3:      marbit_many_paths, first_bread, cheibrodos_sewer_entry_sluice
D:4:      minmay_misc_feat_room
D:5:      cheibrodos_fzero, lemuel_zombie_altar_yredelemnul, serial_shops, shop
D:6:      minmay_temple_entry_nine_rooms, basic_altar, uniq_edmund
D:7:      the_bakery, grunt_ministairs_15
D:8:      lemuel_upstairs_altar, zin_academy, minmay_lair_entry_grove,
          feat_on_display
D:9:      lemuel_doored_altar, nicolae_ru_awakened_eye,
          grunt_temple_overflow_open, nicolae_ashenzari_panopticon
D:10:     minmay_separated_statues, basic_loot_grate_trap
Orc:1:    serial_shops, shop, bh_open_orc_temple
Orc:2:    st_orc_rangers, mines2_lemuel
Sewer:    sewer_big_baddie

Table legend:
 A = Turns spent in this place as a percentage of turns spent in the entire game.
 B = Non-inter-level travel turns spent in this place as a percentage of non-inter-level travel turns spent in the entire game.
 C = Inter-level travel turns spent in this place as a percentage of turns spent in this place.
 D = Turns resting spent in this place as a percentage of non-inter-level travel turns spent in this place.
 E = Turns spent auto-exploring this place as a percentage of non-inter-level travel turns spent in this place.
 F = Non-inter-level travel turns spent in this place divided by the number of levels of this place that you've seen.
                   A       B       C       D       E      F
               +-------+-------+-------+-------+-------+----------------------
         Total | 100.0 | 100.0 |   0.3 |   5.5 |   6.5 | 380.9
       Dungeon |  78.1 |  78.1 |   0.3 |   5.0 |   7.4 | 378.6
  Orcish Mines |  18.7 |  18.7 |   0.2 |   8.3 |   3.3 | 498.5
         Sewer |   3.2 |   3.2 |   0.0 |   2.4 |   1.8 | 170.0
               +-------+-------+-------+-------+-------+----------------------

Table legend:
 A = Kills in this place as a percentage of kills in entire the game.
 B = Kills by you in this place as a percentage of kills by you in the entire game.
 C = Kills by friends in this place as a percentage of kills by friends in the entire game.
 D = Other kills in this place as a percentage of other kills in the entire game.
 E = Experience gained in this place as a percentage of experience gained in the entire game.
 F = Experience gained in this place divided by the number of levels of this place that you have seen.
                   A       B       C       D       E      F
               +-------+-------+-------+-------+-------+----------------------
         Total | 100.0 | 100.0 | 100.0 |  -nan | 100.0 | 2232.6
       Dungeon |  75.1 |  74.7 |  90.9 |  -nan |  73.6 | 2092.2
  Orcish Mines |  23.3 |  23.7 |   9.1 |  -nan |  26.0 | 4058.0
         Sewer |   1.6 |   1.6 |   0.0 |  -nan |   0.4 | 127.0
               +-------+-------+-------+-------+-------+----------------------
